Map: Catalyst LE

Players

JJAKJI - Winner!

  • Race: Terran Terran
  • League: Platinum
  • Spawn Location: 5:00

liquidthermy (uThermal)

  • Race: Terran Terran
  • League: Grandmaster
  • Spawn Location: 11:00

Event: HomeStory Cup XVI

VOD

Have the link to the VOD?

Description

Time

  • Played on: Nov. 11, 2017, 4:04 p.m.
  • Length: 8:51

All games in this series

Show
View Real Time Build Order
Export as new Build Order

JJAKJI Terran - Winner!

Build Orders: Cyclone Opening, Gas First Reaper Expand, Reaper Expand, MMM Bio 

Get SALT Encoding   

  12  0:00  SCV  
  13  0:13  SCV  
  14  0:17  Supply Depot  
  14  0:25  SCV  
  14  0:27  Refinery  
  15  0:39  SCV  
  16  0:45  Barracks  
  16  0:51  SCV  
  17  1:03  SCV  
  18  1:15  SCV  
  19  1:31  Reaper  
  19  1:32  Orbital Command  
  20  1:58  Command Center  
  20  1:59  SCV  
  21  2:04  Factory  
  21  2:07  Barracks Reactor  
  21  2:10  Refinery  
  21  2:15  SCV  
  22  2:21  Supply Depot  
  22  2:27  SCV  
  23  2:43  SCV  
  23  2:44  Marine x2  
  25  2:49  Cyclone  
  29  2:55  SCV  
  29  3:00  Supply Depot  
  29  3:06  Starport  
  29  3:08  SCV  
  29  3:11  Marine  
  30  3:14  Marine  
  31  3:22  SCV  
  31  3:25  Cyclone  
  35  3:29  Marine  
  35  3:32  Marine  
  37  3:35  SCV  
  38  3:42  Orbital Command  
  38  3:46  Medivac  
  40  3:49  Marine  
  40  3:53  Marine  
  42  3:59  SCV  
  42  4:01  Factory Tech Lab  
  43  4:04  Supply Depot  
  43  4:08  SCV  
  43  4:09  Marine  
  45  4:10  Marine  
  46  4:22  Siege Tank  
  46  4:24  SCV x2  
  51  4:34  Barracks  
  51  4:35  Starport Reactor  
  51  4:36  Barracks  
  51  4:37  Barracks Tech Lab  
  49  4:40  SCV  
  46  4:52  SCV x2  
  47  4:57  Marine  
  47  4:58  Stimpack  
  47  5:04  SCV  
  47  5:05  SCV  
  49  5:09  Siege Tank  
  52  5:16  SCV  
  52  5:17  SCV  
  52  5:19  Marine  
  55  5:26  Marine x2  
  57  5:32  Engineering Bay  
  57  5:33  Starport Reactor  
  57  5:37  Marine  
  57  5:38  SCV x2  
  60  5:43  Supply Depot x2  
  60  5:44  Marine  
  60  5:47  Marine  
  62  6:04  Siege Tank, SCV x2, Marine x2  
  69  6:12  Refinery  
  69  6:16  SCV x2  
  71  6:24  Medivac x2, Supply Depot  
  71  6:25  Supply Depot  
  75  6:26  Refinery  
  75  6:27  Marine x2  
  75  6:29  SCV  
  78  6:46  SCV x2, Marine x5  
  85  6:49  Siege Tank  
  88  6:54  Supply Depot  
  88  6:58  SCV x2  
  88  7:01  Combat Shields  
  90  7:03  Marine x4  
  94  7:11  Supply Depot  
  94  7:15  Medivac, Supply Depot, Marine  
  94  7:16  SCV x2  
  94  7:17  Medivac  
  94  7:22  Marine  
  102  7:31  Marine  
  102  7:32  Marine x2  
  102  7:33  Marine, Siege Tank  
  107  7:40  Marine  
  106  7:49  Marine  
  106  7:50  Marine x2  
  106  7:51  Viking  
  109  8:07  Orbital Command  
  109  8:12  Supply Depot x2  
Show
View Real Time Build Order
Export as new Build Order

liquidthermy Terran 

Build Orders: Gas First Reaper Expand, Reaper Expand 

Get SALT Encoding   

  12  0:01  SCV  
  13  0:13  SCV  
  14  0:18  Supply Depot  
  14  0:25  SCV  
  14  0:28  Refinery  
  15  0:39  SCV  
  16  0:45  Barracks  
  16  0:51  SCV  
  17  1:03  SCV  
  18  1:15  SCV  
  19  1:32  Reaper, Orbital Command  
  20  1:46  Command Center  
  20  1:59  Factory  
  20  2:01  SCV  
  21  2:06  Reaper  
  22  2:17  Supply Depot  
  22  2:18  Refinery  
  22  2:19  SCV  
  23  2:39  SCV  
  23  2:44  Starport, Hellion  
  26  2:51  SCV  
  26  2:53  Barracks Tech Lab  
  27  2:58  Orbital Command  
  27  3:03  SCV  
  28  3:08  Hellion  
  30  3:15  SCV  
  31  3:26  Raven  
  33  3:27  SCV  
  33  3:28  SCV  
  33  3:29  Hellion  
  33  3:33  Barracks Reactor  
  37  3:39  SCV  
  37  3:40  Supply Depot, SCV  
  39  3:51  Supply Depot, SCV, Cyclone  
  39  3:52  SCV  
  44  4:02  Supply Depot  
  44  4:03  SCV  
  44  4:04  SCV  
  44  4:07  Bunker  
  46  4:10  Marine x2  
  46  4:13  Viking  
  46  4:15  SCV  
  46  4:16  SCV  
  51  4:24  Factory Tech Lab  
  51  4:27  SCV, Marine  
  51  4:28  SCV, Marine  
  55  4:39  SCV  
  55  4:40  SCV  
  55  4:43  Siege Tank  
  60  4:52  SCV x2  
  64  4:57  Barracks x2  
  64  4:58  Refinery, Engineering Bay  
  62  5:01  Stimpack, Starport Reactor, Marine  
  62  5:04  SCV x2  
  65  5:13  Supply Depot  
  63  5:14  Refinery  
  63  5:16  SCV x2  
  63  5:18  Marine  
  64  5:25  Siege Tank  
  64  5:28  SCV x2  
  67  5:36  Marine  
  67  5:40  SCV  
  67  5:41  SCV  
  70  5:46  Marine x2  
  70  5:48  Starport Reactor  
  72  5:50  Supply Depot, Command Center  
  72  5:51  Terran Infantry Weapons Level 1, Marine  
  72  5:52  SCV  
  72  5:53  SCV  
  72  5:54  Marine  
  78  5:57  Siege Tank  
  78  6:04  Supply Depot  
  78  6:05  Supply Depot  
  78  6:11  SCV x2, Marine x4  
  78  6:12  Marine  
  78  6:14  Supply Depot  
  85  6:23  SCV x2  
  86  6:29  Siege Tank, Marine x3  
  92  6:32  Marine  
  92  6:33  Marine  
  92  6:35  Medivac x2  
  92  6:37  SCV x2  
  100  6:42  Command Center  
  100  6:46  Marine x3  
  100  6:50  Marine x2  
  104  6:57  Supply Depot  
  104  6:58  SCV  
  104  6:59  Barracks x2  
  104  7:04  Marine x3, Siege Tank  
  110  7:18  Supply Depot, Marine x2  
  110  7:20  Supply Depot  
  88  8:21  Command Center  
Tags
 
Add a new tag
Caveats
  • Supply blocks, unpowered buildings, or Contaminate may cause inaccurate times.
  • Supply counts are checked every 10 seconds.